 Dungeon Crawl Stone Soup version 0.25-a0-781-gc44aebf4fe (webtiles) character file.

Game seed: 11619983514639335772, levelgen mode: deterministic

6963 Heliosone the Geomancer (level 11, -2/68 HPs)
             Began as a Gargoyle Earth Elementalist on Apr 15, 2020.
             Was a Priest of Vehumet.
             Killed by refrigeration
             ... invoked by Fannar
              (21 damage)
             ... on level 9 of the Dungeon.
             The game lasted 00:38:29 (15919 turns).

Heliosone the Geomancer (GrEE)                     Turns: 15919, Time: 00:38:30

Health: -2/68      AC: 15    Str: 11    XL:     11   Next: 7%
Magic:  3/17       EV: 14    Int: 25    God:    Vehumet [***...]
Gold:   537        SH:  0    Dex: 10    Spells: 5/18 levels left

rFire    . . .     SeeInvis .   e - +0 dagger
rCold    . . .     Gourm    .   (no shield)
rNeg     + . .     Faith    .   c - +0 robe
rPois    ∞         Spirit   .   (no helmet)
rElec    +         Reflect  .   n - +2 cloak
rCorr    .         Harm     .   y - +0 pair of gloves
MR       .....                  (no boots)
Stlth    ++........             (no amulet)
HPRegen  0.21/turn              l - ring of wizardry
MPRegen  0.15/turn              a - +5 ring of intelligence

@: no status effects
A: negative energy resistance 1, electricity resistance, unbreathing,
petrification resistance, rot immunity, AC +8
a: Renounce Religion


You were on level 9 of the Dungeon.
You worshipped Vehumet.
Vehumet was most pleased with you.
You were not hungry.

You visited 2 branches of the dungeon, and saw 11 of its levels.
You also visited: Bailey.

You collected 597 gold pieces.
You spent 60 gold pieces at shops.

Inventory:

Hand Weapons
 e - a +0 dagger (weapon)
Missiles
 b - 56 stones (quivered)
Armour
 c - a +0 robe (worn)
 n - a +2 cloak (worn)
 y - a +0 pair of gloves (worn)
Jewellery
 a - a +5 ring of intelligence (right hand)
 g - an uncursed amulet of guardian spirit
 l - a ring of wizardry (left hand)
 v - an uncursed ring of protection from cold
 z - an uncursed amulet of harm
 N - an uncursed ring of poison resistance {unknown}
Wands
 t - a wand of clouds (1)
 D - a wand of digging (5)
 H - a wand of iceblast (8)
Scrolls
 h - 7 scrolls of remove curse
 i - 3 scrolls of fear
 j - 5 scrolls of magic mapping
 k - 4 scrolls of fog
 m - 2 scrolls of amnesia
 o - 2 scrolls of identify
 p - a scroll of random uselessness
 s - 2 scrolls of teleportation
 C - a scroll of immolation {unknown}
 E - a scroll of vulnerability {unknown}
 J - 2 scrolls of enchant weapon {unknown}
 K - a scroll of silence {unknown}
 M - a scroll of holy word {unknown}
 O - a scroll of enchant armour {unknown}
Potions
 f - 5 potions of heal wounds {unknown}
 q - 2 potions of flight
 r - a potion of stabbing {unknown}
 u - 2 potions of curing
 w - 2 potions of invisibility
 x - a potion of degeneration {unknown}
 A - a potion of resistance {unknown}
 B - a potion of ambrosia {unknown}
 F - 2 potions of mutation
 G - 2 potions of might {unknown}
 I - a potion of lignification {unknown}
Comestibles
 d - 18 rations


   Skills:
 + Level 7.6 Fighting
 + Level 5.9 Armour
 + Level 4.9 Dodging
 - Level 2.1 Stealth
 - Level 4.3 Spellcasting
 - Level 10.0 Conjurations
 - Level 0.7 Transmutations
 - Level 10.1 Earth Magic


You had 5 spell levels left.
You knew the following spells:

 Your Spells              Type           Power        Failure   Level  Hunger
a - Sandblast             Erth           ######       1%          1    None
b - Passwall              Tmut/Erth      ####....     1%          2    None
c - Stone Arrow           Conj/Erth      ######       1%          3    ##.....
d - Petrify               Tmut/Erth      ####....     4%          4    ####...
e - Conjure Flame         Conj/Fire      ####....     1%          3    ##.....

Your spell library contained the following spells:

 Spells                   Type           Power        Failure   Level  Hunger
 Frozen Ramparts          Ice            #.....       3%          3    ##.....
 Magic Dart               Conj           ####         1%          1    None
 Dazzling Flash           Conj/Hex       ####..       1%          3    ##.....
 Mephitic Cloud           Conj/Pois/Air  ###.....     1%          3    ##.....
 Lee's Rapid Deconstruct  Erth           ######....   1%          5    #####..
 Animate Skeleton         Necr           N/A          3%          1    None
 Apportation              Tloc           #.....       3%          1    None
 Corona                   Hex            #......      3%          1    None
 Summon Small Mammal      Summ           #...         3%          1    None
 Blink                    Tloc           N/A          5%          2    None
 Call Imp                 Summ           #.......     5%          2    None
 Ensorcelled Hibernation  Hex/Ice        #.....       5%          2    None
 Slow                     Hex            #.......     5%          2    None
 Airstrike                Air            #.........   10%         4    ####...
 Confusing Touch          Hex            #.......     11%         3    ##.....
 Tukima's Dance           Hex            #.......     11%         3    ##.....
 Spellforged Servitor     Conj/Summ      ####......   61%         7    #######
 Tornado                  Air            #.........   100%        9    #######


Dungeon Overview and Level Annotations

Branches:
Dungeon (10/15)            Temple (1/1) D:5          Bailey (visited)
   Lair: D:8-11         Orc: D:9-12

Altars:
Ashenzari
Cheibriados
Fedhas
Gozag
Hepliaklqana
Kikubaaqudgha
Makhleb
Nemelex Xobeh
Okawaru
Qazlal
Ru
Sif Muna
Trog
Uskayaw
Vehumet
Wu Jian
Xom
Yredelemnul
Zin
The Shining One

Shops:
D:4 [   D:7 (   D:8 ?   D:9 :   D:10 [

Annotations:
D:9 Fannar


Innate Abilities, Weirdness & Mutations

You are resistant to torment.
Your stone body is resilient. (AC +8)
You are immune to poison.
You resist negative energy. (rN+)
You are resistant to electric shocks. (rElec)
You can survive without breathing.
You are immune to petrification.
You are immune to rotting.


Message History

Fannar closely misses you. Fannar hits you but does no damage.
There is a stone staircase leading up here.
Fannar closely misses you.
You climb upwards.
There is a stone staircase leading down here.
Fannar barely misses you.
Fannar points at you and mumbles some strange words.
The bolt of cold hits you!!
* * * LOW HITPOINT WARNING * * *
Evoke which item? (* to show all) (? for menu, Esc to quit)
Aiming: Cloud Cone
Press: ? - help, Dir - move target cursor, f - Fannar
Aim: Fannar, wielding a +0 quarterstaff of freezing, wearing a +2 robe of cold resistance and wearing an uncursed ring of ice (heavily wounded, covered in an icy film)
You create a blast of flame!
Fannar is engulfed in blazing flames.
Fannar's icy armour evaporates.
Fannar casts a spell.
Fannar drains the heat from the surrounding environment!
You feel very cold.
You die...

.............#
.............#
.............#
.............#######
.............'.....#
.............#####.#
.............# #.#
.########..#######e#
................@§§#
(#####.##..#########
.# #.##..#
.#####.##..#
....##[##..#
....##.##..#
....##.##..#
....##.##..#
....##.##..#####


You could see Fannar.

Vanquished Creatures
  2 orc knights (Bailey)
  A troll (D:9)
  3 hippogriffs
  2 dream sheep (D:8)
  2 yaks (D:8)
  A hungry ghost (D:9)
  Menkaure (D:5)
  5 orc warriors
  2 ice beasts
  A black bear (D:8)
  3 phantoms
  6 ogres
  2 centaurs
  6 big kobolds
  6 bullfrogs
  A wyvern skeleton (D:8)
  5 scorpions
  9 killer bees (D:8)
  3 howler monkeys
  4 crimson imps
  2 bullfrog zombies
  3 hounds
  A bullfrog skeleton (D:8)
  A jelly (D:8)
  A centaur skeleton (D:8)
  2 orc priests
  2 iguanas
  10 orc wizards
  7 worker ants
  A killer bee zombie (D:6)
  A hound zombie (D:8)
  A worker ant zombie (D:3)
  8 adders
  A shadow imp (D:7)
  An ooze (D:1)
  2 adder skeletons
  3 worms
  2 dart slugs
  6 leopard geckos
  31 orcs
  3 giant cockroaches
  9 goblins
  8 hobgoblins
  16 jackals
  35 kobolds
  A quokka (D:4)
  11 bats
  7 frilled lizards
  5 rats
246 creatures vanquished.

Notes
Turn   | Place    | Note
-------+----------+-------------------------------------------
     0 | D:1      | Heliosone the Gargoyle Earth Elementalist began the quest
                  | for the Orb.
     0 | D:1      | Reached XP level 1. HP: 10/10 MP: 3/3
    68 | D:1      | Reached XP level 2. HP: 15/15 MP: 0/5
   407 | D:1      | Learned a level 2 spell: Passwall
   418 | D:1      | Reached XP level 3. HP: 19/19 MP: 3/6
   423 | D:1      | Learned a level 3 spell: Stone Arrow
   808 | D:2      | Reached skill level 1 in Conjurations
  1064 | D:2      | Reached XP level 4. HP: 22/24 MP: 5/7
  1551 | D:2      | Reached XP level 5. HP: 15/28 MP: 2/8
  2532 | D:3      | Reached skill level 5 in Earth Magic
  2705 | D:3      | Reached XP level 6. HP: 25/32 MP: 4/9
  3516 | D:3      | Noticed an orc warrior
  5503 | D:4      | Reached XP level 7. HP: 36/36 MP: 3/10
  5586 | D:4      | Found Abaiv's Antique Armour Shop.
  5910 | D:4      | Learned a level 4 spell: Petrify
  5911 | D:5      | Entered Level 5 of the Dungeon
  5976 | D:5      | Noticed Menkaure
  6092 | D:5      | Killed Menkaure
  6436 | D:5      | Found a staircase to the Ecumenical Temple.
  6455 | Temple   | Entered the Ecumenical Temple
  6504 | Temple   | Became a worshipper of Vehumet
  6924 | D:5      | Found a shimmering blue altar of Sif Muna.
  7408 | D:5      | Reached XP level 8. HP: 46/46 MP: 1/13
  8131 | D:6      | Reached skill level 1 in Armour
  8152 | D:6      | Identified the Disquisition on Creative Feathers
  8653 | D:7      | Reached skill level 5 in Fighting
  9241 | D:7      | Found an ornate altar of the Wu Jian Council.
  9372 | D:7      | Found Caompatoise's Weapon Shoppe.
  9583 | D:7      | Reached XP level 9. HP: 55/55 MP: 5/15
  9820 | D:7      | Learned a level 3 spell: Conjure Flame
 10281 | D:8      | Found a flagged portal.
 10396 | D:8      | Found Enoimeadd's Magic Scroll Boutique.
 10407 | D:8      | Reached * piety under Vehumet
 10407 | D:8      | Offered knowledge of Freeze by Vehumet.
 10535 | Bailey   | Entered a bailey
 10593 | Bailey   | Noticed an orc knight
 10750 | Bailey   | Noticed an orc knight
 10803 | Bailey   | Killed an orc knight
 10803 | Bailey   | Reached skill level 5 in Armour
 11000 | Bailey   | Reached skill level 5 in Conjurations
 11033 | Bailey   | Killed an orc knight
 11033 | Bailey   | Reached XP level 10. HP: 24/63 MP: 0/16
 11286 | Bailey   | Offered knowledge of Foxfire by Vehumet.
 11289 | Bailey   | Reached ** piety under Vehumet
 11560 | D:8      | Bought a scroll of identify for 20 gold pieces
 11560 | D:8      | Bought a scroll of identify for 20 gold pieces
 11560 | D:8      | Bought a scroll of identify for 20 gold pieces
 11930 | D:8      | Found a blossoming altar of Fedhas.
 11930 | D:8      | Found a sacrificial altar of Ru.
 11935 | D:8      | Found a hide-covered altar of Uskayaw.
 11938 | D:8      | Found a faded altar of an unknown god.
 11940 | D:8      | Found a shattered altar of Ashenzari.
 12433 | D:8      | Noticed a three-headed hydra
 12489 | D:7      | Reached skill level 10 in Conjurations
 13149 | D:8      | Found a sacrificial altar of Ru.
 13207 | D:8      | Offered knowledge of Ignite Poison by Vehumet.
 13324 | D:8      | Found a stormy altar of Qazlal.
 13459 | D:8      | Found a bloodstained altar of Trog.
 14084 | D:9      | Reached *** piety under Vehumet
 14407 | D:9      | Found a shimmering altar of Xom.
 14878 | D:9      | Found Wathojun's Book Boutique.
 14925 | D:9      | Reached skill level 10 in Earth Magic
 14980 | D:9      | Offered knowledge of Frozen Ramparts by Vehumet.
 15130 | D:9      | Reached XP level 11. HP: 67/67 MP: 7/17
 15198 | D:9      | Found a glowing golden altar of the Shining One.
 15394 | D:10     | Entered Level 10 of the Dungeon
 15394 | D:10     | Noticed Fannar
 15547 | D:10     | Found Xuigeok's Antique Armour Shop.
 15919 | D:9      | Killed from afar by Fannar

Levels and vault maps discovered:
D:1:      psy_arrival_statuary, layout_rooms
D:2:      layout_basic, first_ration
D:3:      layout_basic, serial_glass, glass_columns_a, glass_columns_b,
          glass_columns_a, glass_columns_a, glass_columns_a, glass_columns_a,
          glass_columns_a, glass_columns_a
D:4:      layout_cave_pods, serial_shops, shop
D:5:      layout_layer_cave, minmay_temple_entry_ruins, basic_altar,
          uniq_menkaure
D:6:      layout_layer_cave
D:7:      layout_basic, serial_shops, nicolae_shop_window_shopping, basic_altar,
          item_on_display_a, uniq_joseph
D:8:      layout_rooms, chequers_temple_overflow_minitemple,
          amethyst_overflow_temple_binary, enter_bailey_8, serial_shops, shop,
          hangedman_ranch [blue_anna_fruit_fields],
          nicolae_ru_great_annihilating_truth
D:9:      layout_basic, overflow_temple_1_default, marbit_many_paths,
          serial_shops, kennysheep_mini_moat
D:10:     kennysheep_blocky_room, layout_small_grid,
          kennysheep_orc_monster_closet_entryway, serial_shops,
          nicolae_shop_window_shopping, basic_altar, hangedman_decor_slide_cut,
          uniq_erica, uniq_fannar
Temple:   jpeg_temple_clearing

Skill      XL: |  1  2  3  4  5  6  7  8  9 10 |
---------------+-------------------------------+-----
Earth Magic    | 4 5 7 10 | 10.1
Conjurations   | 2 3 4 7 10 | 10.0
Fighting       | 3 5 7 |  7.6
Spellcasting   | 3 4 |  4.3
Armour         | 3 5 |  5.9
Dodging        | 3 4 |  4.9
Stealth        | |  2.1
Transmutations | |  0.7

Action                   |  1- 3 |  4- 6 |  7- 9 | 10-12 || total
-------------------------+-------+-------+-------+-------++-------
Melee: Dagger            |    34 |   289 |   169 |   319 ||   811
 Cast: Sandblast         |    33 |    57 |   129 |    48 ||   267
       Stone Arrow       |       |    13 |    31 |    78 ||   122
       Petrify           |       |       |     3 |     4 ||     7
       Conjure Flame     |       |       |     6 |     1 ||     7
Evoke: Wand              |       |       |     3 |     2 ||     5
  Use: Scroll            |       |     6 |     1 |     6 ||    13
       Potion            |       |       |     3 |       ||     3
 Stab: Distracted        |       |     1 |       |       ||     1
       Sleeping          |       |     4 |     1 |       ||     5
       Confused          |       |       |     1 |     3 ||     4
       Paralysed         |       |       |       |     1 ||     1
  Eat: Chunk             |       |    18 |    16 |     9 ||    43
       Ration            |       |       |     1 |     3 ||     4
Armor: Robe              |    10 |   117 |   101 |   164 ||   392
Dodge: Dodged            |    42 |   190 |   190 |   280 ||   702

Table legend:
 A = Non-vault XP
 B = Vault XP
 C = Vault XP percentage of total XP
 D = Non-vault monster count
 E = Vault monster count
 F = Vault count percentage of total count
                 A         B        C        D         E       F
            +---------+---------+-------+---------+---------+-------
      Total |    6450 |    3498 |  35.2 |     206 |      40 |  16.3
            +---------+---------+-------+---------+---------+-------
        D:1 |      36 |       0 |   0.0 |      16 |       0 |   0.0
        D:2 |     254 |       0 |   0.0 |      33 |       0 |   0.0
        D:3 |     163 |       0 |   0.0 |      28 |       0 |   0.0
        D:4 |     249 |       0 |   0.0 |       8 |       0 |   0.0
        D:5 |     218 |     175 |  44.5 |       4 |       1 |  20.0
        D:6 |     746 |       0 |   0.0 |      19 |       0 |   0.0
        D:7 |     797 |     100 |  11.1 |      25 |       1 |   3.8
        D:8 |    1830 |    1143 |  38.4 |      29 |      10 |  25.6
        D:9 |    1895 |     312 |  14.1 |      41 |       1 |   2.4
       D:10 |     262 |       0 |   0.0 |       3 |       0 |   0.0
     Bailey |       0 |    1768 | 100.0 |       0 |      27 | 100.0
            +---------+---------+-------+---------+---------+-------
